 Dungeon Crawl Stone Soup version 0.31-a0-818-ge7c7cf74f0 (webtiles) character file.

Game seed: 925788843557464603

1737 greenreed the Ruffian (level 8, -6/65 HPs)
             Began as a Demonspawn Shapeshifter on Sept 23, 2023.
             Was an Initiate of Ru.
             Killed from afar by a steam dragon (19 damage)
             ... with a ball of steam
             ... on level 7 of the Dungeon.
             The game lasted 00:13:45 (7849 turns).

greenreed the Ruffian (Demonspawn Shapeshifter)     Turns: 7849, Time: 00:13:46

Health: -6/65      AC:  8    Str: 18      XL:     8   Next: 76%
Magic:  8/8        EV:  8    Int: 13      God:    Ru [......]
Gold:   428        SH:  0    Dex:  9 (12) Spells: 7/7 levels left

rFire   . .          .
                       - Unarmed
rCold   . . .        (no shield)
rNeg    . . .        j - +0 chain mail
rPois   .            (helmet currently unavailable)
rElec   .            (cloak currently unavailable)
rCorr   .            (gloves currently unavailable)
SInv    .            (boots currently unavailable)
Will    .....        (no amulet) Stlth
                     (no ring)
HPRegen 0.30/turn    (no ring)
MPRegen 0.11/turn

%: no passive effects
@: beast-form
A: beast (slay +2), antennae 1, demonic guardian 1, big brain 1, hooves 1
a: Begin Untransformation, Renounce Religion


You were on level 7 of the Dungeon.
You worshipped Ru.
Ru was noncommittal.
You were a hulking beast.
You visited 2 branches of the dungeon, and saw 8 of its levels.

You collected 428 gold pieces.

Inventory:

Armour
 a - a +0 animal skin
 j - a +0 chain mail (worn)
 A - a +0 pair of boots
Jewellery
 p - a ring of protection from cold
 t - an amulet of magic regeneration
Talismans
 c - a beast talisman (active)
 d - a flux talisman
Wands
 w - a wand of polymorph (5)
Scrolls
 e - 2 scrolls of enchant armour {unknown}
 f - a scroll of enchant weapon {unknown}
 h - 2 scrolls of revelation {unknown}
 i - a scroll of noise {unknown}
 k - 3 scrolls of immolation {unknown}
 l - a scroll of amnesia {unknown}
 n - 2 scrolls of vulnerability {unknown}
 q - 3 scrolls of teleportation {unknown}
 r - a scroll of fog {unknown}
 u - a scroll of fear {unknown}
 x - 2 scrolls of identify {unknown}
 y - a scroll of blinking {unknown}
 z - a scroll of acquirement {unknown}
Potions
 b - a potion of lignification
 g - a potion of berserk rage {unknown}
 m - 2 potions of mutation
 o - 2 potions of degeneration
 s - 2 potions of curing {unknown}
 v - a potion of enlightenment {unknown}
 B - 2 potions of haste {unknown}
 C - a potion of magic {unknown}


   Skills:
 * Level 6.5 Fighting
 + Level 4.4 Dodging
 * Level 6.6 Unarmed Combat
 + Level 4.6 Shapeshifting


You had 7 spell levels left.
You didn't know any spells.
Your spell library contained the following spells:

 Spells                   Type           Power      Damage    Failure   Level
 Ensorcelled Hibernation  Hex/Ice        0%         N/A       99%         2
 Jinxbite                 Hex            0%         N/A       99%         2
 Lesser Beckoning         Tloc           0%         N/A       99%         2
 Dazzling Flash           Conj/Hex       0%         N/A       100%        3
 Gell's Gravitas          Tloc           0%         N/A       100%        3
 Teleport Other           Tloc           0%         N/A       100%        3
 Volatile Blastmotes      Fire/Tloc      0%         2d10      100%        3
 Anguish                  Hex/Necr       0%         N/A       100%        4
 Starburst                Conj/Fire      0%         6d3       100%        6
 Malign Gateway           Summ/Tloc      0%         N/A       100%        7
 Maxwell's Capacitive Co  Air            0%         ∞         100%        8
 Summon Horrible Things   Summ           0%         N/A       100%        8


Dungeon Overview and Level Annotations

Branches:
Dungeon (7/15)             Temple (1/1) D:6

Altars:
Ashenzari
Cheibriados
Dithmenos
Fedhas
Hepliaklqana
Makhleb
Nemelex Xobeh
Okawaru
Qazlal
Ru
Sif Muna
Trog
Uskayaw
Vehumet
Wu Jian
Xom
Yredelemnul

Shops:
D:1 :[*[   D:6 (

Annotations:
D:5 1 runed translucent door, Crazy Yiuf


Innate Abilities, Weirdness & Mutations

You are a hulking beast.
Your limbs bulge with bestial killing power. (Slay +2)
You have a pair of small antennae on your head.
A weak demonic guardian rushes to your aid.
You have an unusually large brain. (Int +2)
You have large cloven feet.


Message History

The ball of steam hits you!
You hit the steam dragon.
The steam dragon is moderately wounded.
You are engulfed in a cloud of scalding steam.
The steam dragon closely misses you. The steam dragon barely misses you.
You hit the steam dragon.
You kick the steam dragon, but do no damage.
The steam dragon is moderately wounded.
You are engulfed in a cloud of scalding steam.
The steam dragon bites you!
The steam dragon claws you but does no damage.
You hit the steam dragon.
The steam dragon is heavily wounded.
You are engulfed in a cloud of scalding steam.
You are too injured to fight recklessly!
The steam dragon breathes steam at you. The ball of steam hits you!
* * * LOW HITPOINT WARNING * * *
A demonic guardian appears!
The steam dragon bites you.
* * * LOW HITPOINT WARNING * * *
The steam dragon claws you but does no damage.
The steam dragon barely misses your quasit.
The steam dragon completely misses your quasit.
Your quasit bites the steam dragon but does no damage.
Your quasit claws the steam dragon but does no damage.
Your quasit claws the steam dragon.
Your quasit bites the steam dragon.
Your quasit claws the steam dragon but does no damage. x2
The steam dragon bites your quasit!
The steam dragon closely misses your quasit.
Your quasit bites the steam dragon.
Your quasit claws the steam dragon but does no damage. x2
The steam dragon bites your quasit!
Your quasit dies!
Your quasit disappears in a puff of smoke!
The steam dragon hisses angrily.
The steam dragon breathes steam at you. The ball of steam hits you!!
You die...

#.......§.......#
#...............#
##.##.##†.###...
##D##..# +......#
#......#......#
#......#.§....#
#......#.§....#
#......##h....#
#......##.....#
#......#......#
#......#......#
#<.....+......#
#......##.....#
#......##.....# ###
#.............##....
#...................


There were no monsters in sight!

Vanquished Creatures
  Prince Ribbit (D:5)
  A water moccasin (D:6)
  2 black bears
  A centaur (D:5)
  3 bullfrogs
  2 scorpions
  A howler monkey (D:3)
  2 hounds
  2 jellies
  4 orc priests
  A sleepcap (D:6)
  Jessica (D:3)
  Ijyb (D:4)
  Terence (D:3)
  2 iguanas
  An orc wizard (D:6)
  Natasha (twice) (D:3)
  Robin (D:3)
  11 adders
  2 shadow imps
  2 white imps
  2 ufetubi
  A worm (D:3)
  6 orcs
  9 ball pythons
  6 endoplasms
  2 giant cockroaches
  8 hobgoblins
  2 jackals (D:1)
  7 quokkas
  10 bats
  5 frilled lizards
  18 goblins
  8 kobolds
  2 rats
130 creatures vanquished.

Vanquished Creatures (collateral kills)
  2 jellies
  3 gnolls (D:5)
  A hobgoblin (D:1)
  A frilled lizard (D:1)
7 creatures vanquished.

Grand Total: 137 creatures vanquished

Notes
Turn   | Place    | Note
-------+----------+-------------------------------------------
     0 | D:1      | greenreed the Demonspawn Shapeshifter began the quest for
                  | the Orb.
     0 | D:1      | Reached XP level 1. HP: 15/15 MP: 1/1
   117 | D:1      | Gained mutation: A weak demonic guardian rushes to your
                  | aid. [demonic ancestry]
   117 | D:1      | Reached XP level 2. HP: 21/21 MP: 2/2
   215 | D:1      | Found Suing's Antique Armour Boutique.
   229 | D:1      | Found Toshuisch's Assorted Antiques.
   398 | D:1      | Found Heatax's Armour Emporium.
   509 | D:1      | Gained mutation: You have a pair of small antennae on your
                  | head. [demonic ancestry]
   509 | D:1      | Reached XP level 3. HP: 27/27 MP: 3/3
   753 | D:1      | Found Buahuj's Book Shoppe.
  1606 | D:2      | Noticed a scorpion
  1617 | D:2      | Killed a scorpion
  1618 | D:2      | Reached XP level 4. HP: 31/34 MP: 4/4
  1824 | D:3      | Noticed Jessica
  1834 | D:3      | Killed Jessica
  1835 | D:3      | Reached XP level 5. HP: 40/40 MP: 5/5
  1848 | D:3      | Found a shimmering blue altar of Sif Muna.
  1879 | D:3      | Noticed Natasha
  1888 | D:3      | Killed Natasha
  2115 | D:3      | Noticed Robin
  2287 | D:3      | Killed Robin
  2332 | D:3      | Found a faded altar of an unknown god.
  2397 | D:3      | Noticed Terence
  2411 | D:3      | Killed Terence
  2412 | D:3      | Gained mutation: You have an unusually large brain. (Int
                  | +2) [demonic ancestry]
  2412 | D:3      | Reached XP level 6. HP: 31/47 MP: 6/6
  2756 | D:3      | Noticed Natasha
  2766 | D:3      | Killed Natasha
  3193 | D:4      | Found a stormy altar of Qazlal.
  3310 | D:4      | Reached XP level 7. HP: 46/54 MP: 7/7
  3583 | D:4      | Noticed Ijyb
  3606 | D:4      | Killed Ijyb
  3764 | D:4      | Found a blossoming altar of Fedhas.
  4126 | D:5      | Entered Level 5 of the Dungeon
  4133 | D:4      | Reached skill level 5 in Unarmed Combat
  5065 | D:5      | Reached skill level 5 in Fighting
  5142 | D:5      | Found a runed translucent door.
  5143 | D:5      | Noticed Crazy Yiuf
  5440 | D:5      | Reached XP level 8. HP: 54/62 MP: 8/8
  5550 | D:5      | Noticed Prince Ribbit
  5560 | D:5      | Killed Prince Ribbit
  6333 | D:6      | Found Wauxkaus's Weapon Shop.
  6373 | D:6      | Gained mutation: You expend magic power (3 MP) to
                  | strengthen your wands. [potion of mutation]
  6373 | D:6      | Gained mutation: You are dopey. (Int -2) [potion of
                  | mutation]
  6373 | D:6      | Gained mutation: You are agile. (Dex +4, Str/Int -1)
                  | [potion of mutation]
  6373 | D:6      | HP: 3/64 [poisoned by an adder]
  6374 | D:6      | HP: 1/64 [poisoned by an adder]
  6500 | D:6      | Lost mutation: You expend magic power (3 MP) to strengthen
                  | your wands. [potion of mutation]
  6500 | D:6      | Lost mutation: You are agile. (Dex +4, Str/Int -1) [potion
                  | of mutation]
  6500 | D:6      | Lost mutation: You are dopey. (Int -2) [potion of mutation]
  6500 | D:6      | Gained mutation: You have large cloven feet. [potion of
                  | mutation]
  6548 | D:6      | HP: 2/64 [acid (10)]
  6760 | D:6      | Found a staircase to the Ecumenical Temple.
  6788 | Temple   | Entered the Ecumenical Temple
  6806 | Temple   | Became a worshipper of Ru the Awakened
  7849 | D:7      | Killed from afar by a steam dragon

Illustrated notes

Levels and vault maps discovered:
D:1:      minmay_arrival_doors, layout_basic, serial_shops, shop,
          nicolae_shop_real_fake_doors, shop, shop,
          chequers_serial_rivers_micro_d, minmay_misc_feat_plants,
          hangedman_decor_growths, minmay_cupped
D:2:      layout_basic, kennysheep_cross_bottleneck
D:3:      layout_basic, mainiacjoe_overflow_surrounded_room,
          hellmonk_ecumenical_altar_crossroads, st_stairs_1,
          minmay_strange_pillars, minivault_25, minivault_23,
          minmay_strange_pillars, uniq_robin, uniq_jessica, uniq_natasha,
          uniq_terence
D:4:      layout_loops_corners, marbit_many_paths, kennysheep_little_box,
          serial_bayou_crossing, uniq_ijyb
D:5:      layout_layer_cave, uniq_crazy_yiuf_cottage, uniq_prince_ribbit1
D:6:      layout_loops_corners, minmay_temple_entry_trees, serial_shops,
          nicolae_shop_statue_plus
D:7:      layout_gridville, general_overflow_altar
Temple:   nicolae_temple_superstar

Skill      XL: |  1  2  3  4  5  6  7  8 |
---------------+-------------------------+-----
Unarmed Combat | 3 4 5 6 |  6.6
Dodging        | 2 3 4 |  4.4
Fighting       | 2 3 4 5 6 |  6.5
Shapeshifting  | 3 4 |  4.6

Action                     |  1- 3 |  4- 6 |  7- 9 || total
---------------------------+-------+-------+-------++-------
  Melee: Unarmed           |   119 |   176 |   248 ||   543
         Punch             |     1 |     6 |     5 ||    12
         Kick              |       |       |    18 ||    18
    Use: Potion            |       |       |     5 ||     5
 Armour: Animal skin       |    17 |       |       ||    17
         Chain mail        |    54 |   137 |   209 ||   400
         Skin              |       |       |    10 ||    10
  Dodge: Dodged            |    73 |    62 |   109 ||   244

Table legend: (Time is in decaauts)
 A = Elapsed time spent in this place.
 B = Non-inter-level travel time spent in this place.
 C = Inter-level travel time spent in this place.
 D = Time resting spent in this place.
 E = Time spent auto-exploring this place.
 F = Levels seen in this place.
 G = Mean time per level.
                   A        B        C        D        E       F      G
               +--------+--------+--------+--------+--------+-----+--------+
         Total |   7816 |   7474 |    342 |    468 |   5992 |   8 |  977.0 |
       Dungeon |   7779 |   7470 |    309 |    468 |   5992 |   7 | 1111.3 |
        Temple |     36 |      3 |     33 |      0 |      0 |   1 |   36.0 |
               +--------+--------+--------+--------+--------+-----+--------+

Top non-repeatable levels by time:
     D:5: 1780 daAuts
     D:6: 1486 daAuts
     D:4: 1451 daAuts
     D:3: 1040 daAuts
     D:2: 973 daAuts
     D:1: 924 daAuts
     D:7: 122 daAuts
  Temple: 36 daAuts
